 Dungeon Crawl Stone Soup version 0.29-a0-270-g1586fc07ea (webtiles) character file.

Game seed: 5448385622604193626

100 enile the Sneak (level 4, -6/32 HPs)
             Began as an Octopode Brigand on Mar 7, 2022.
             Mangled by a bog mummy (13 damage)
             ... on level 4 of the Dungeon.
             The game lasted 00:08:13 (2961 turns).

enile the Sneak (Octopode Brigand)                  Turns: 2961, Time: 00:08:13

Health: -6/32      AC:  3    Str: 10    XL:     4   Next: 73%
Magic:  4/4        EV: 13    Int: 15    God:
Gold:   113        SH:  0    Dex: 13    Spells: 1/3 levels left

rFire   . . .      SeeInvis .   a - +3 dagger
rCold   . . .      Faith    .   (no shield)
rNeg    . . .      Spirit   .   (helmet restricted)
rPois   .          Reflect  .   (no amulet)
rElec   .          Harm     .   (no ring)
rCorr   .          Rampage  .   (no ring)
Will    .....                   (no ring)
Stlth   ++++......              (no ring)
HPRegen 0.10/turn               (no ring)
MPRegen 0.09/turn               (no ring)
                                (no ring)
                                (no ring)

@: mighty, brilliant, weak-willed, on berserk cooldown, flying, slowed, very
slow
A: almost no armour, amphibious, 8 rings, camouflage 1, gelatinous body 1,
(nimble swimmer 1), tentacles, antennae 1, iridescent scales 1
a: no special abilities


You were on level 4 of the Dungeon.
You visited 1 branch of the dungeon, and saw 4 of its levels.
You also visited: Ossuary.

You collected 140 gold pieces.
You spent 27 gold pieces at shops.

Inventory:

Hand Weapons
 a - a +3 dagger (weapon)
 l - a +0 dagger
 n - a +0 rapier
Missiles
 b - 9 poisoned darts (quivered)
 c - 3 curare-tipped darts
 m - 5 javelins
Magical Staves
 k - a staff of poison
Scrolls
 e - a scroll of immolation
 f - a scroll of fear
 p - a scroll of teleportation {unknown}
 q - a scroll of torment
 r - a scroll of magic mapping
Potions
 i - 2 potions of berserk rage
 o - 2 potions of flight


   Skills:
 + Level 3.6 Fighting
 - Level 2.0 Short Blades
 - Level 2.0 Throwing
 - Level 2.0 Dodging
 - Level 5.3 Stealth
 - Level 2.0 Translocations


You had one spell level left.
You knew the following spells:

 Your Spells              Type           Power      Damage    Failure   Level
a - Blink                 Tloc           18%        N/A       19%         2

Your spell library contained the following spells:

 Spells                   Type           Power      Damage    Failure   Level
 Lesser Beckoning         Tloc           9%         N/A       34%         3
 Corpse Rot               Necr/Air       0%         N/A       38%         2
 Poisonous Vapours        Pois/Air       0%         N/A       38%         2
 Ignite Poison            Fire/Tmut/Pois 0%         N/A       63%         3
 Mephitic Cloud           Conj/Pois/Air  0%         N/A       63%         3
 Manifold Assault         Tloc           9%         N/A       97%         5
 Freezing Cloud           Conj/Ice/Air   0%         6-21      100%        5


Dungeon Overview and Level Annotations

Branches:
Dungeon (4/15)            Ossuary (visited)
 Temple: D:4-7

Altars:
Ru

Shops:
D:3 *

Annotations:
D:4 Eustachio, Sigmund


Innate Abilities, Weirdness & Mutations

You cannot wear most types of armour.
You are amphibious.
You can wear up to eight rings at the same time.
Your skin changes colour to match your surroundings (Stealth+).
Your rubbery body absorbs attacks. (AC +1, EV +1)
((You are camouflaged when in or above water. (Stealth+)))
You have tentacles for arms and can constrict up to eight enemies at once.
You have a pair of small antennae on your head.
You are partially covered in iridescent scales. (AC +2)


Message History

A pair of antennae grows on your head!
You constrict the bog mummy. The bog mummy closely misses you.
The bog mummy gestures at you while chanting.
You feel as though you will be slow longer.
You hit the bog mummy.
You destroy the bog mummy!
The bog mummy misses you.
It was a potion of ambrosia.
You are confused.
You feel invigorated. The bog mummy hits you!
You closely miss the bog mummy.
The bog mummy points at you and mumbles some strange words.
You resist with significant effort.
There is an empty arch of ancient stone here.
There is a gate leading back out of this place here.
Sorry, you're not good enough to have a special ability.
You're too confused to cast spells.
It was a potion of curing.
You feel better.
You feel less invigorated.
A mummy comes into view.
Sorry, you're not good enough to have a special ability.
Unknown command.
You hit the bog mummy but do no damage. Your grab misses the bog mummy.
You squeeze the bog mummy!
The bog mummy is heavily damaged.
The bog mummy hits you!
Sorry, you're not good enough to have a special ability.
The bog mummy gestures at you while chanting.
The puff of frost hits you!
* * * LOW HITPOINT WARNING * * *
Welcome back to the Dungeon!
Level annotation: Eustachio, Sigmund
There is a collapsed entrance here.
Sorry, you're not good enough to have a special ability.
It was a potion of might.
You feel very mighty all of a sudden. The bog mummy casts a spell at you.
You resist with significant effort. The bog mummy hits you.
* * * LOW HITPOINT WARNING * * *
You feel better. The bog mummy hits you!
You die...

#### +#######'.## #...#...#..#
.##.>.#.>.##.# .##...#...##.#
.###########.# .##...#...##.#
##.##M@.#.>.##.######## ######
#..##..M#...#..........
.....######.##'#######'.######...
####............######### #...
#############.......#######...
####..#..>........
##รท########.... ##.# #.....<.
##..#########...


You could see 2 bog mummies.

Vanquished Creatures
  A mummy (Ossuary)
  3 adders
  2 worms
  4 endoplasms
  A giant cockroach (D:1)
  3 goblins
  3 hobgoblins
  2 jackals (D:1)
  3 kobolds
  2 quokkas (D:3)
  7 ball pythons
  3 bats
  3 frilled lizards
  4 rats
41 creatures vanquished.

Notes
Turn   | Place    | Note
-------+----------+-------------------------------------------
     0 | D:1      | enile the Octopode Brigand began the quest for the Orb.
     0 | D:1      | Reached XP level 1. HP: 14/14 MP: 1/1
   248 | D:1      | Reached XP level 2. HP: 20/20 MP: 2/2
   960 | D:2      | Found a sacrificial altar of Ru.
  1174 | D:2      | Reached XP level 3. HP: 26/26 MP: 3/3
  1177 | D:2      | Learned a level 2 spell: Blink
  1823 | D:3      | Found Vesmushro's Assorted Antiques.
  1853 | D:3      | Bought a scroll labelled MOUFUE USINI for 27 gold pieces
  2044 | D:3      | Reached skill level 1 in Translocations
  2619 | D:4      | Found a sand-covered staircase.
  2703 | D:4      | Reached XP level 4. HP: 19/31 MP: 4/4
  2898 | D:4      | Noticed Sigmund
  2898 | D:4      | Noticed Eustachio
  2927 | Ossuary  | Entered an ossuary
  2950 | Ossuary  | Gained mutation: You are partially covered in iridescent
                  | scales. (AC +2) [potion of mutation]
  2950 | Ossuary  | Gained mutation: You have a pair of small antennae on your
                  | head. [potion of mutation]
  2960 | D:4      | HP: 1/32 [bog mummy (6)]
  2961 | D:4      | Mangled by a bog mummy

Illustrated notes

Levels and vault maps discovered:
D:1:      giann_horns, layout_basic
D:2:      layout_loops_cross, serial_glass, glass_columns_b, glass_columns_a,
          glass_columns_c, glass_columns_c, glass_columns_a, glass_columns_a,
          glass_columns_a, glass_columns_c, basic_altar
D:3:      layout_loops_cross, serial_shops, shop_statue, serial_park_tiny_1
D:4:      layout_rooms, nicolae_ossuary_entry_false_entrances,
          ebering_ghost_rock_garden, grunt_ministairs_14, uniq_duvessa,
          uniq_eustachio, uniq_sigmund

Skill      XL: |  1  2  3  4 |
---------------+-------------+-----
Fighting       | 3 |  3.6
Dodging        | 2 |  2.0
Translocations | 1 2 |  2.0
Short Blades   | |  2.0
Throwing       | |  2.0
Stealth        | |  5.3

Action                   |  1- 3 |  4- 6 || total
-------------------------+-------+-------++-------
Melee: Dagger            |    66 |    16 ||    82
       Constrict         |    15 |     2 ||    17
       Tentacles         |    13 |     2 ||    15
Throw: Dart              |     4 |     2 ||     6
  Use: Scroll            |     5 |     5 ||    10
       Potion            |       |    10 ||    10
 Stab: Sleeping          |    16 |     2 ||    18
       Distracted        |     1 |       ||     1
Armor: Skin              |     4 |       ||     4
Dodge: Dodged            |    25 |     9 ||    34

Table legend: (Time is in decaauts)
 A = Elapsed time spent in this place.
 B = Non-inter-level travel time spent in this place.
 C = Inter-level travel time spent in this place.
 D = Time resting spent in this place.
 E = Time spent auto-exploring this place.
 F = Levels seen in this place.
 G = Mean time per level.
                   A        B        C        D        E       F      G
               +--------+--------+--------+--------+--------+-----+--------+
         Total |   2962 |   2849 |    113 |    153 |   2084 |   5 |  592.4 |
       Dungeon |   2922 |   2809 |    113 |    150 |   2084 |   4 |  730.5 |
       Ossuary |     40 |     40 |      0 |      3 |      0 |   1 |   40.0 |
               +--------+--------+--------+--------+--------+-----+--------+

Top non-repeatable levels by time:
     D:3: 907 daAuts
     D:1: 901 daAuts
     D:2: 787 daAuts
     D:4: 325 daAuts
 Ossuary: 40 daAuts
